 Dungeon Crawl Stone Soup version 0.28-a0-305-g9e858e973b (webtiles) character file.

Game seed: 8863609609024435900

46 frimble the Twirler (level 3, -1/31 HPs)
             Began as a Gnoll Wanderer on Aug 30, 2021.
             Succumbed to Ijyb's poison
             ... on level 3 of the Dungeon.
             The game lasted 00:02:24 (1511 turns).

frimble the Twirler (Gnoll Wanderer)                Turns: 1511, Time: 00:02:25

Health: -1/31      AC:  3    Str: 11    XL:     3   Next: 68%
Magic:  4/4        EV: 11    Int: 13    God:
Gold:   32         SH:  0    Dex: 10    Spells: 3/3 levels left

rFire   . . .      SeeInvis .   a - +2 quarterstaff
rCold   . . .      Faith    .   (shield currently unavailable)
rNeg    + . .      Spirit   .   d - +0 robe
rPois   .          Reflect  .   (no helmet)
rElec   .          Harm     .   h - +0 cloak
rCorr   .          Rampage  .   (no gloves)
Will    .....                   (no boots)
Stlth   ++........              (no amulet)
HPRegen 0.10/turn               g - ring of positive energy
MPRegen 0.09/turn               (no ring)

@: lethally poisoned (-1 -> -19)
A: fangs 1, strong nose, distributed training
a: no special abilities


You were on level 3 of the Dungeon.
You visited 1 branch of the dungeon, and saw 3 of its levels.

You collected 77 gold pieces.
You spent 45 gold pieces at shops.

Inventory:

Hand Weapons
 a - a +2 quarterstaff (weapon)
 b - a +0 spear
Missiles
 l - a poisoned dart (quivered)
Armour
 d - a +0 robe (worn)
 h - a +0 cloak (worn)
 j - a +0 buckler of poison resistance
 m - a +0 kite shield
Jewellery
 g - a ring of positive energy (left hand)
Wands
 o - a wand of digging (2)
Scrolls
 f - a scroll of magic mapping
Potions
 c - a potion of lignification
 e - 4 potions of curing
 i - a potion of berserk rage {unknown}


   Skills:
 + Level 4.5 Fighting
 + Level 0.9 Short Blades
 + Level 0.9 Long Blades
 + Level 4.5 Axes
 + Level 0.9 Maces & Flails
 + Level 0.9 Polearms
 + Level 6.5 Staves
 + Level 0.9 Slings
 + Level 0.9 Bows
 + Level 0.9 Crossbows
 + Level 0.9 Throwing
 + Level 0.9 Armour
 + Level 0.9 Dodging
 + Level 2.4 Stealth
 + Level 0.9 Shields
 + Level 0.9 Unarmed Combat
 + Level 0.9 Spellcasting
 + Level 0.6 Conjurations
 + Level 0.6 Hexes
 + Level 0.6 Summonings
 + Level 0.6 Necromancy
 + Level 0.6 Translocations
 + Level 0.6 Transmutations
 + Level 0.6 Fire Magic
 + Level 0.6 Ice Magic
 + Level 0.6 Air Magic
 + Level 0.6 Earth Magic
 + Level 0.6 Poison Magic
 + Level 1.0 Invocations
 + Level 4.5 Evocations


You had 3 spell levels left.
You didn't know any spells.
Your spell library contained the following spells:

 Spells                   Type           Power      Damage    Failure   Level
 Corpse Rot               Necr/Air       N/A        N/A       32%         2
 Poisonous Vapours        Pois/Air       4%         N/A       32%         2
 Freezing Cloud           Conj/Ice/Air   1%         6-21      99%         5


Dungeon Overview and Level Annotations

Branches:
Dungeon (3/15)

Altars:
Okawaru
Yredelemnul

Shops:
D:2 =   D:3 ?

Annotations:
D:2 Sigmund
D:3 Ijyb


Innate Abilities, Weirdness & Mutations

You have very sharp teeth.
Your uncanny sense of smell can sniff out nearby items.
Your experience applies equally to all skills.


Message History

Throw: 3 darts (poison)
Press: ? - help, Q - select action Shift-Dir - straight line, f/p - Ijyb
Aim: Ijyb, wielding a +1 dagger of venom, wearing a +2 ring mail of fire resistance and carrying a wand of flame (5) (lightly wounded, very poisoned, 53% to hit)
You throw a poisoned dart.
The poisoned dart completely misses Ijyb.
Throw: 2 darts (poison)
Press: ? - help, Q - select action Shift-Dir - straight line, f/p - Ijyb
Aim: Ijyb, wielding a +1 dagger of venom, wearing a +2 ring mail of fire resistance and carrying a wand of flame (5) (lightly wounded, very poisoned, 53% to hit)
You throw a poisoned dart. The poisoned dart hits Ijyb.
Ijyb looks even sicker.
Ijyb is lightly wounded.
You are too injured to fight recklessly!
You are too injured to fight recklessly!
You are too injured to fight recklessly!
You are too injured to fight recklessly!
You are too injured to fight recklessly!
You are too injured to fight recklessly!
You are too injured to fight recklessly!
You are too injured to fight recklessly!
You are too injured to fight recklessly!
You hit Ijyb but do no damage.
Ijyb is moderately wounded.
Ijyb closely misses you.
You barely miss Ijyb.
Ijyb is heavily wounded.
Ijyb hits you with a +1 dagger of venom.
You are poisoned.
You closely miss Ijyb.
Ijyb is heavily wounded.
You feel sick.
Ijyb zaps a wand.
The puff of flame hits you!
* * * LOW HITPOINT WARNING * * *
You barely miss Ijyb.
Ijyb is severely wounded.
* * * LOW HITPOINT WARNING * * *
You feel sick.
Ijyb hits you with a +1 dagger of venom.
* * * LOW HITPOINT WARNING * * *
You are more poisoned.
You barely miss Ijyb.
Ijyb is severely wounded.
You die...

#.⌠...⌠.##### ..#
#.. #.......#
...#... ..####'####
....#.. #.........#
.......##.........#
._...(..######'##
... ..######.#
#..##.##.#......#
#...@..#...######
#...####g.....##...#
.
.#...##(...†##.∩.##
....(g..#.........+
#######(....#######
#######


You could see Ijyb (very poisoned).

Vanquished Creatures
  An adder (D:3)
  A worm (D:3)
  A dart slug (D:3)
  An orc (D:3)
  4 bats (D:1)
  3 endoplasms
  2 hobgoblins
  3 jackals (D:1)
  A quokka (D:1)
  2 ball pythons
  4 frilled lizards
  3 kobolds (D:1)
  6 rats
32 creatures vanquished.

Vanquished Creatures (others)
  A plant (D:2)
1 creature vanquished.

Grand Total: 33 creatures vanquished

Notes
Turn   | Place    | Note
-------+----------+-------------------------------------------
     0 | D:1      | frimble the Gnoll Wanderer began the quest for the Orb.
     0 | D:1      | frimble set off with the following items: a +2
                  | quarterstaff, a +0 spear, a potion of lignification, a +0
                  | robe
     0 | D:1      | Reached XP level 1. HP: 20/20 MP: 1/1
   123 | D:1      | Reached XP level 2. HP: 22/26 MP: 2/2
   784 | D:2      | Found a basalt altar of Yredelemnul.
   809 | D:2      | Found Baklenn's Jewellery Boutique.
   854 | D:2      | Reached XP level 3. HP: 31/31 MP: 3/3
   997 | D:2      | Noticed Sigmund
  1416 | D:3      | Found an iron altar of Okawaru.
  1421 | D:3      | Reached skill level 1 in Invocations
  1477 | D:3      | Found Wuakieq's Magic Scroll Boutique.
  1485 | D:3      | Bought a scroll of magic mapping for 45 gold pieces
  1491 | D:3      | Found a faded altar of an unknown god.
  1494 | D:3      | Noticed Ijyb
  1511 | D:3      | Succumbed to Ijyb's poison

Illustrated notes

Levels and vault maps discovered:
D:1:      saegor_arrival_simple_a, layout_rooms
D:2:      layout_rooms, basic_altar, serial_shops, shop_statue, minivault_25,
          serial_bayou_lake_a, uniq_sigmund
D:3:      layout_basic, marbit_many_paths, mainiacjoe_overflow_six_doors_small,
          lemuel_tele_altar, serial_shops, shop_scrolls,
          hellmonk_ecumenical_altar_blasted, minmay_fountain_box,
          corexii_item_surrounded_by_moat, uniq_ijyb

Skill      XL: |  1  2  3 |
---------------+----------+-----
Invocations    | 1 |  1.0
Fighting       | |  4.5
Short Blades   | |  0.9
Long Blades    | |  0.9
Axes           | |  4.5
Maces & Flails | |  0.9
Polearms       | |  0.9
Staves         | |  6.5
Slings         | |  0.9
Bows           | |  0.9
Crossbows      | |  0.9
Throwing       | |  0.9
Armour         | |  0.9
Dodging        | |  0.9
Stealth        | |  2.4
Shields        | |  0.9
Unarmed Combat | |  0.9
Spellcasting   | |  0.9
Conjurations   | |  0.6
Hexes          | |  0.6
Summonings     | |  0.6
Necromancy     | |  0.6
Translocations | |  0.6
Transmutations | |  0.6
Fire Magic     | |  0.6
Ice Magic      | |  0.6
Air Magic      | |  0.6
Earth Magic    | |  0.6
Poison Magic   | |  0.6
Evocations     | |  4.5

Action                   || total
-------------------------++-------
Melee: Quarterstaff      ||    62
       Bite              ||     2
Throw: Dart              ||     5
  Use: Scroll            ||     4
 Stab: Sleeping          ||     4
Armor: Robe              ||    11
Dodge: Dodged            ||    32

Table legend: (Time is in decaauts)
 A = Elapsed time spent in this place.
 B = Non-inter-level travel time spent in this place.
 C = Inter-level travel time spent in this place.
 D = Time resting spent in this place.
 E = Time spent auto-exploring this place.
 F = Levels seen in this place.
 G = Mean time per level.
                   A        B        C        D        E       F      G
               +--------+--------+--------+--------+--------+-----+--------+
         Total |   1536 |   1484 |     52 |      0 |   1202 |   3 |  512.0 |
       Dungeon |   1536 |   1484 |     52 |      0 |   1202 |   3 |  512.0 |
               +--------+--------+--------+--------+--------+-----+--------+

Top non-repeatable levels by time:
     D:1: 764 daAuts
     D:2: 530 daAuts
     D:3: 241 daAuts
